 Dungeon Crawl Stone Soup version 0.18.1-5-g4a78601 (webtiles) character file.

323 nubinia the Skirmisher (level 6, -7/56 HPs)
             Began as a Hill Orc Monk on May 12, 2016.
             Was a Believer of Ashenzari.
             Mangled by a mummy (11 damage)
             ... in an ossuary.
             The game lasted 00:16:22 (4057 turns).

nubinia the Skirmisher (Hill Orc Monk)              Turns: 4057, Time: 00:16:23

Health: -7/56      AC:  7    Str: 16    XL:     6   Next: 47%
Magic:  6/6        EV: 12    Int: 10    God:    Ashenzari [**....]
Gold:   203        SH:  0    Dex: 13    Spells: 0 memorised, 5 levels left

rFire  . . .     SeeInvis .     m - +3 short sword
rCold  . . .     Gourm    .     n - +0 ring mail (curse)
rNeg   . . .     Faith    +     (no shield)
rPois  .         Spirit   .     (no helmet)
rElec  .         Dismiss  .     (no cloak)
rCorr  .         Reflect  .     (no gloves)
SustAt .         Harm     .     g - +0 pair of boots
MR     .....                    f - amulet of faith
Stlth  +.........               (no ring)
                                (no ring)

@: not resistant to hostile enchantments, very unstealthy
A: no striking features
a: Curse Item, Scrying, Renounce Religion


You were in an ossuary.
You worshipped Ashenzari.
Ashenzari was pleased with you.
You were not hungry.

You visited 1 branch of the dungeon, and saw 4 of its levels.
You also visited: Ossuary.

You collected 203 gold pieces.

Inventory:

Hand Weapons
 d - a +0 club
 m - a +3 short sword (weapon)
 q - a +0 short sword of speed
Armour
 a - a +0 robe
 g - a +0 pair of boots (worn)
 n - a cursed +0 ring mail (worn)
Jewellery
 f - an amulet of faith (around neck)
 p - an uncursed ring of fire
Wands
 l - a wand of slowing (19/48)
 s - a wand of confusion (8/48)
Scrolls
 e - a scroll of fog
 r - a scroll of magic mapping
 u - a scroll of enchant armour {unknown}
Potions
 c - a potion of degeneration {unknown}
 i - a potion of flight {unknown}
 j - a potion of curing
 k - a potion of invisibility {unknown}
 o - a potion of heal wounds
Comestibles
 b - 3 bread rations
 h - 2 beef jerkies


   Skills:
 + Level 5.1 Fighting
 + Level 0.2 Short Blades
 + Level 2.6 Maces & Flails
 + Level 3.7 Armour
 - Level 3.1 Dodging
 + Level 2.0 Stealth
 + Level 4.7 Unarmed Combat


You had 5 spell levels left.
You didn't know any spells.

Dungeon Overview and Level Annotations

Branches:
Dungeon (4/15)
 Temple: D:4-7

Altars:
Ashenzari
Cheibriados
Gozag
Okawaru
Ru
Zin

Annotations:
D:3 bollicks1999's ghost, amateur OpAs


Message History

You hit the mummy.
The mummy is moderately damaged.
You hit the mummy.
The mummy is heavily damaged.
The mummy hits you! x2
You closely miss the mummy.
The mummy is heavily damaged.
The mummy barely misses you. The mummy hits you.
You barely miss the mummy.
The mummy is heavily damaged.
The mummy hits you!
* * * LOW HITPOINT WARNING * * *
The mummy closely misses you. x2
Unknown command.
You hit the mummy.
The mummy is severely damaged.
The mummy hits you!
* * * LOW HITPOINT WARNING * * *
The mummy hits you!
You die...

############# *,
......M@MZZ.## ,
...####MMM...## *
.. ##..##ZZM...#
..##....##.M...#
...............#
,..............##
*
,.............##
*#.....ZM.##+# *
, #......## *


You could see 7 mummies, 2 hobgoblin zombies and 2 orc zombies.

Vanquished Creatures
  Grinder (D:3)
  A gnoll (D:3)
  3 adders
  2 oozes (D:2)
  A worm (D:2)
  4 giant geckos
  4 orcs (D:3)
  4 giant cockroaches
  A gnoll zombie (Ossuary)
  11 hobgoblins
  8 jackals
  7 kobolds
  8 bats
  3 giant newts
  11 goblins
  A hobgoblin zombie (Ossuary)
  A kobold zombie (Ossuary)
  7 rats
78 creatures vanquished.

Notes
Turn   | Place    | Note
--------------------------------------------------------------
     0 | D:1      | nubinia the Hill Orc Monk began the quest for the Orb.
     0 | D:1      | Reached XP level 1. HP: 19/19 MP: 1/1
   241 | D:1      | Reached skill level 4 in Fighting
   249 | D:1      | Reached XP level 2. HP: 19/27 MP: 2/2
   980 | D:1      | Reached XP level 3. HP: 30/33 MP: 3/3
  1407 | D:2      | Found a shattered altar of Ashenzari.
  1414 | D:2      | Became a worshipper of Ashenzari the Shackled
  1414 | D:2      | Reached * piety under Ashenzari
  1414 | D:2      | Reached ** piety under Ashenzari
  1507 | D:2      | Found an iron altar of Okawaru.
  1507 | D:2      | Found a sacrificial altar of Ru.
  2066 | D:2      | Reached skill level 1 in Armour
  2066 | D:2      | Reached XP level 4. HP: 40/40 MP: 4/4
  2177 | D:3      | Noticed Grinder
  2897 | D:3      | Reached skill level 1 in Maces & Flails
  2956 | D:3      | Found an opulent altar of Gozag.
  3237 | D:3      | Reached XP level 5. HP: 47/47 MP: 5/5
  3238 | D:3      | Found a glowing silver altar of Zin.
  3353 | D:3      | Noticed bollicks1999's ghost (amateur OpAs)
  3368 | D:3      | Paralysed by Grinder for 6 turns
  3394 | D:3      | HP: 1/47 [Grinder/nerve-wracking pain (11)]
  3396 | D:3      | Killed Grinder
  3396 | D:3      | Reached skill level 5 in Fighting
  3396 | D:3      | Reached XP level 6. HP: 1/56 MP: 6/6
  3719 | D:3      | Found a snail-covered altar of Cheibriados.
  3956 | D:4      | Found a sand-covered staircase.
  3965 | Ossuary  | Entered an ossuary
  4057 | Ossuary  | Mangled by a mummy

Skill      XL: |  1  2  3  4  5  6 |
---------------+-------------------+-----
Fighting       | 4 5 |  5.1
Armour         | 1 2 3 |  3.7
Dodging        | 3 |  3.1
Maces & Flails | 1 2 |  2.6
Stealth        | 2 |  2.0
Short Blades   | |  0.2
Unarmed Combat | |  4.7

Action                   |  1- 3 |  4- 6 || total
-------------------------+-------+-------++-------
Melee: Club              |   191 |   144 ||   335
       Unarmed           |     3 |       ||     3
       Punch             |     5 |     3 ||     8
       Short sword       |       |    76 ||    76
  Use: Scroll            |       |     7 ||     7
       Potion            |       |     3 ||     3
 Stab: Sleeping          |     2 |     1 ||     3
  Eat: Chunk             |     4 |     7 ||    11
Armor: Robe              |    52 |       ||    52
       Ring mail         |    29 |    72 ||   101
Dodge: Dodged            |   170 |   128 ||   298
